 Dungeon Crawl Stone Soup version 0.27-a0-1188-g73eefd5def (webtiles) character file.

Game seed: 3773493742392936532

258 kek2 the Cleaver (level 6, -5/52 HPs)
             Began as a Hill Orc Fighter on May 21, 2021.
             Killed by nerve-wracking pain
             ... invoked by an orc priest
              (13 damage)
             ... on level 4 of the Dungeon.
             The game lasted 00:07:26 (3099 turns).

kek2 the Cleaver (Hill Orc Fighter)                 Turns: 3099, Time: 00:07:27

Health: -5/52      AC: 10    Str: 19    XL:     6   Next: 16%
Magic:  6/6        EV:  7    Int: 10    God:
Gold:   126        SH:  9    Dex: 10    Spells: 5/5 levels left

rFire    . . .     SeeInvis .   a - +0 war axe
rCold    . . .     Faith    .   c - +0 kite shield
rNeg     . . .     Spirit   .   b - +0 scale mail
rPois    .         Reflect  .   h - +2 helmet
rElec    .         Harm     .   (no cloak)
rCorr    .         Rampage  .   (no gloves)
Will     .....                  (no boots)
Stlth    ..........             (no amulet)
HPRegen  0.17/turn              (no ring)
MPRegen  0.10/turn              (no ring)

@: no status effects
A: no striking features
a: Convert to Beogh


You were on level 4 of the Dungeon.
You visited 1 branch of the dungeon, and saw 4 of its levels.

You collected 126 gold pieces.

Inventory:

Hand Weapons
 a - a +0 war axe (weapon)
 i - a +0 whip of electrocution
Armour
 b - a +0 scale mail (worn)
 c - a +0 kite shield (worn)
 h - a +2 helmet (worn)
Jewellery
 k - an amulet of magic regeneration
Wands
 l - a wand of flame (26)
 n - a wand of iceblast (11)
Scrolls
 e - a scroll of fog {unknown}
 g - 2 scrolls of teleportation {unknown}
Potions
 d - a potion of heal wounds {unknown}
 f - a potion of brilliance {unknown}
 j - a potion of flight {unknown}
 m - a potion of curing {unknown}


   Skills:
 + Level 3.7 Fighting
 * Level 8.3 Axes
 - Level 3.2 Armour
 - Level 3.2 Shields


You had 5 spell levels left.
You didn't know any spells.
Your spell library contained the following spells:

 Spells                   Type           Power      Damage    Failure   Level
 Magic Dart               Conj           0%         1d3       99%         1
 Searing Ray              Conj           0%         3d3       100%        2
 Dazzling Flash           Conj/Hex       0%         N/A       100%        3
 Fulminant Prism          Conj/Hex       0%         3d6       100%        4
 Iskenderun's Mystic Bla  Conj/Tloc      0%         2d3       100%        4


Dungeon Overview and Level Annotations

Branches:
Dungeon (4/15)
 Temple: D:4-7

Altars:

Shops:
D:1 [


Message History

The orc priest hits you with a +1 vampiric hand axe.
An orc priest is nearby!
You slash the orc priest!
The orc priest is heavily wounded.
An orc comes into view. It is wielding a +0 dagger.
There are monsters nearby!
You hit the orc priest but do no damage.
The orc priest is heavily wounded.
The orc priest hits you but does no damage.
The orc barely misses you.
The orc priest shouts, "Surrender to Beogh and we'll let you live!"
The orc priest hits you with a +1 vampiric hand axe.
The orc priest draws strength from your wounds!
There are monsters nearby!
You hit the orc priest.
The orc priest is moderately wounded.
You hit the orc. You block the orc priest's attack.
The orc hits you but does no damage.
There are monsters nearby!
You barely miss the orc priest.
The orc priest is moderately wounded.
Your shield prevents you from hitting the orc.
The orc hits you but does no damage.
The orc priest invokes the aid of Beogh against you.
Beogh smites you!
You hear a shout! x2
You hit the orc priest.
The orc priest is heavily wounded.
You barely miss the orc. The orc hits you with a +0 dagger.
You block the orc priest's attack.
You hit the orc priest but do no damage.
The orc priest is heavily wounded.
You slash the orc!
You kill the orc!
The orc priest calls down the wrath of Beogh upon you.
Beogh smites you!
* * * LOW HITPOINT WARNING * * *
The orc priest invokes the aid of Beogh against you.
Pain shoots through your body!
You die...

....# #......#
....# #......#
....# #......#
# ....#
#<.....# .#
...## #).....#
.# ...#
#......# ..#
...####......#
###..###
..#..........#
#o)....#
..'......#####
#@# ###......#
#.# #......#
#.# #......#
#.# #......#
#.# ##'#####
#.# #.# #.#
#.###########.#
#.##........(.#


You could see an orc priest.

Vanquished Creatures
  A black bear (D:2)
  A hound (D:3)
  An orc priest (D:4)
  3 adders
  An adder skeleton (D:4)
  A worm (D:2)
  2 dart slugs (D:1)
  4 orcs
  5 bats
  4 endoplasms
  4 giant cockroaches
  5 goblins
  7 hobgoblins
  2 jackals (D:3)
  8 kobolds
  2 quokkas
  9 ball pythons
  3 frilled lizards (D:3)
  2 rats
65 creatures vanquished.

Vanquished Creatures (others)
  An orc (D:4)
1 creature vanquished.

Grand Total: 66 creatures vanquished

Notes
Turn   | Place    | Note
-------+----------+-------------------------------------------
     0 | D:1      | kek2 the Hill Orc Fighter began the quest for the Orb.
     0 | D:1      | Reached XP level 1. HP: 19/19 MP: 1/1
   187 | D:1      | Reached skill level 3 in Axes
   398 | D:1      | Reached XP level 2. HP: 26/26 MP: 2/2
   535 | D:1      | Reached skill level 4 in Axes
   942 | D:1      | Found Lecib's Armour Boutique.
  1135 | D:1      | Reached XP level 3. HP: 27/31 MP: 3/3
  1304 | D:2      | Reached skill level 5 in Axes
  1395 | D:2      | Noticed a black bear
  1404 | D:2      | Killed a black bear
  1405 | D:2      | Reached skill level 6 in Axes
  1405 | D:2      | Reached XP level 4. HP: 33/39 MP: 4/4
  1405 | D:2      | Reached XP level 5. HP: 39/45 MP: 5/5
  1549 | D:2      | Reached skill level 7 in Axes
  2353 | D:3      | Found a faded altar of an unknown god.
  2836 | D:4      | Reached skill level 8 in Axes
  2836 | D:4      | Reached XP level 6. HP: 27/51 MP: 6/6
  3099 | D:4      | Killed from afar by an orc priest

Illustrated notes

Levels and vault maps discovered:
D:1:      wander_arrival_lonely_grave, layout_loops_corners, serial_shops,
          shop_fountains, minivault_24, chequers_serial_rivers_micro_a
D:2:      layout_loops_cross
D:3:      layout_rooms, hellmonk_ecumenical_altar_leap_of_faith, hex_tiny,
          chequers_serial_rivers_micro_b
D:4:      layout_basic, roderic_batcave

Skill      XL: |  1  2  3  4  5 |
---------------+----------------+-----
Axes           | 3 4 6 8 |  8.3
Fighting       | |  3.7
Armour         | |  3.2
Shields        | |  3.2

Action                   |  1- 3 |  4- 6 || total
-------------------------+-------+-------++-------
Melee: War axe           |    78 |   124 ||   202
  Use: Potion            |     1 |       ||     1
Armor: Scale mail        |    39 |    64 ||   103
Dodge: Dodged            |    28 |    30 ||    58
Block: Kite shield       |    43 |    61 ||   104

Table legend: (Time is in decaauts)
 A = Elapsed time spent in this place.
 B = Non-inter-level travel time spent in this place.
 C = Inter-level travel time spent in this place.
 D = Time resting spent in this place.
 E = Time spent auto-exploring this place.
 F = Levels seen in this place.
 G = Mean time per level.
                   A        B        C        D        E       F      G
               +--------+--------+--------+--------+--------+-----+--------+
         Total |   3185 |   3118 |     67 |      0 |   2655 |   4 |  796.2 |
       Dungeon |   3185 |   3118 |     67 |      0 |   2655 |   4 |  796.2 |
               +--------+--------+--------+--------+--------+-----+--------+

Top non-repeatable levels by time:
     D:1: 1220 daAuts
     D:2: 1034 daAuts
     D:3: 520 daAuts
     D:4: 411 daAuts
